 Dungeon Crawl Stone Soup version 0.26-a0-1132-ge9770dfcb6 (webtiles) character file.

Game seed: 4225389933098880923

860 Dracia the Ruffian (level 7, -2/71 HPs)
             Began as a Troll Monk on Dec 20, 2020.
             Slain by a steam dragon (4 damage)
             ... on level 5 of the Dungeon.
             The game lasted 00:05:41 (2884 turns).

Dracia the Ruffian (Troll Monk)                     Turns: 2884, Time: 00:05:42

Health: -2/71      AC:  9    Str: 26    XL:     7   Next: 71%
Magic:  6/6        EV: 12    Int:  8    God:
Gold:   209        SH:  0    Dex: 14    Spells: 6/6 levels left

rFire    . . .     SeeInvis +     - Unarmed
rCold    . . .     Faith    .   (no shield)
rNeg     . . .     Spirit   .   a - +0 robe
rPois    .         Reflect  .   (helmet restricted)
rElec    .         Harm     .   o - +0 cloak
rCorr    .         Rampage  .   (gloves unavailable)
Will     .....                  (boots unavailable)
Stlth    ++........             f - amulet of magic regeneration
HPRegen  0.61/turn              S - +6 ring of strength
MPRegen  0.35/turn              (no ring)

@: no status effects
A: large, unfitting armour, claws 3, molten scales 1, see invisible, clever 1,
regeneration 1, shaggy fur 1, tough skin 3
a: no special abilities


You were on level 5 of the Dungeon.
You visited 2 branches of the dungeon, and saw 6 of its levels.

You collected 209 gold pieces.


Innate Abilities, Weirdness & Mutations

You are too large for most types of armour.
You have claws for hands.
Your natural rate of healing is unusually fast.
You are covered in fur. (AC +1)
You have extremely tough skin. (AC +3)
You are partially covered in molten scales. (AC +2)
You have supernaturally acute eyesight. (SInv)
Your mind is acute. (Int +2)


   Skills:
 + Level 4.3 Fighting
 + Level 4.3 Dodging
 - Level 1.0 Stealth
 * Level 6.9 Unarmed Combat


You had 6 spell levels left.
You didn't know any spells.
Your spell library was empty.

Inventory:

Missiles
 j - 8 poisoned darts (quivered)
 p - 4 datura-tipped darts
Armour
 a - a +0 robe (worn)
 o - a +0 cloak (worn)
Jewellery
 f - an amulet of magic regeneration (around neck)
 u - a +6 ring of dexterity {unknown}
 v - an uncursed ring of poison resistance {unknown}
 S - a +6 ring of strength (left claw)
Wands
 g - a wand of acid (9)
 k - a wand of iceblast (11)
Scrolls
 d - 7 scrolls of identify {unknown}
 h - 3 scrolls of enchant armour {unknown}
 i - 3 scrolls of remove curse {unknown}
 m - a scroll of blinking {unknown}
 q - 2 scrolls of teleportation {unknown}
Potions
 b - a potion of degeneration {unknown}
 c - 3 potions of haste {unknown}
 e - 2 potions of magic {unknown}
 l - a potion of heal wounds {unknown}
 n - a potion of attraction {unknown}
 r - a potion of brilliance {unknown}
 s - 2 potions of mutation
 t - a potion of curing {unknown}

Dungeon Overview and Level Annotations

Branches:
Dungeon (6/15)             Temple (1/1) D:6

Altars:
Ashenzari
Cheibriados
Elyvilon
Fedhas
Hepliaklqana
Kikubaaqudgha
Makhleb
Nemelex Xobeh
Okawaru
Ru
Sif Muna
Trog
Uskayaw
Vehumet
Wu Jian
Xom
Zin
The Shining One

Annotations:
D:6 1 runed translucent door, loralnil's ghost, novice GnTm

######## #....... ##.....
###.≈## ######### #####..##.
#P.≈P≈. ###.P≈...#.. #....PP
#####.≈≈P....#.. ^......
..P≈PP.......### ......P
P...............
.P...≈.#########..^.PP^P≈..##..
#......D.########≈P..##..
##.######@# ####.##..
#...#...#.# #.#### #.###.#.#.#
#######.#### #.##....#..
............ #.##..#####
#########.####
#.##..#######.......#....#
###.#...........#####.#.#### #
#..............## #.#.#### ..
#..............# #†#.....


You could see a steam dragon (catching breath).


Message History

The steam dragon is severely wounded.
You are engulfed in a cloud of scalding steam.
* * * LOW HITPOINT WARNING * * *
The steam dragon bites you.
* * * LOW HITPOINT WARNING * * *
The steam dragon claws you.
* * * LOW HITPOINT WARNING * * *
You are engulfed in a cloud of scalding steam.
* * * LOW HITPOINT WARNING * * *
It was a potion of mutation.
You feel extremely strange.
Molten scales grow over part of your body.
You feel clever.
Your vision sharpens.
The steam dragon bites you.
* * * LOW HITPOINT WARNING * * *
The steam dragon claws you but does no damage.
Unknown command.
You claw the steam dragon!
You kill the steam dragon!
You barely miss the steam dragon. The steam dragon closely misses you.
The steam dragon barely misses you.
You scratch the steam dragon.
The steam dragon is lightly wounded.
The steam dragon breathes steam at you. The ball of steam hits you!
* * * LOW HITPOINT WARNING * * *
You barely miss the steam dragon.
The steam dragon is lightly wounded.
You are engulfed in a cloud of scalding steam.
The steam dragon barely misses you. The steam dragon claws you.
You die...

Skill      XL: |  1  2  3  4  5  6  7 |
---------------+----------------------+-----
Unarmed Combat | 4 5 6 |  6.9
Fighting       | 3 4 |  4.3
Dodging        | 3 4 |  4.3
Stealth        | |  1.0

Action                   |  1- 3 |  4- 6 |  7- 9 || total
-------------------------+-------+-------+-------++-------
Melee: Unarmed           |    72 |    86 |    67 ||   225
       Punch             |     1 |     2 |       ||     3
  Use: Potion            |       |       |     1 ||     1
 Stab: Sleeping          |     2 |     4 |     1 ||     7
Armor: Robe              |    30 |    24 |    26 ||    80
Dodge: Dodged            |    44 |    38 |    38 ||   120

Levels and vault maps discovered:
D:1:      psy_arrival_terrarium, layout_basic
D:2:      layout_rooms, overflow_temple_1_default
D:3:      minmay_spotlight, layout_rooms, fedhas_altar_3,
          serial_co_window_serial, co_window_corner_a, co_window_paths_b,
          co_window_paths_b, co_window_paths_a, co_window_paths_a,
          co_window_unsneaky_path_c, co_window_unsneaky_path_a,
          co_window_unsneaky_path_c, co_window_of_opportunity_b,
          co_window_4corner_a, glass_columns_c, glass_columns_a, glass_columns_b
D:5:      kennysheep_steamy, layout_basic, nicolae_tso_besieged_by_evil,
          serial_bayou_pond_c, hex_tiny
D:6:      layout_basic, minmay_temple_entry_statues,
          ebering_ghost_reflecting_pool
Temple:   regret_index_temple_waves

Notes
Turn   | Place    | Note
-------+----------+-------------------------------------------
     0 | D:1      | Dracia the Troll Monk began the quest for the Orb.
     0 | D:1      | Reached XP level 1. HP: 22/22 MP: 0/0
   155 | D:1      | Reached XP level 2. HP: 29/29 MP: 1/1
   547 | D:2      | Reached XP level 3. HP: 36/36 MP: 2/2
   712 | D:2      | Reached skill level 4 in Unarmed Combat
   712 | D:2      | Reached XP level 4. HP: 43/44 MP: 3/3
   739 | D:2      | Found a sparkling altar of Nemelex Xobeh.
   772 | D:2      | Reached skill level 3 in Fighting
  1039 | D:3      | Reached skill level 3 in Dodging
  1141 | D:3      | Found a blossoming altar of Fedhas.
  1262 | D:3      | You fall into a shaft and drop 3 floors!
  1309 | D:6      | Reached XP level 5. HP: 33/53 MP: 4/4
  1316 | D:6      | Reached skill level 5 in Unarmed Combat
  1322 | D:6      | Reached XP level 6. HP: 24/61 MP: 5/5
  1394 | D:6      | Found a staircase to the Ecumenical Temple.
  1436 | Temple   | Entered the Ecumenical Temple
  2004 | D:6      | Found a runed translucent door.
  2006 | D:6      | Noticed loralnil's ghost (novice GnTm)
  2066 | D:6      | Reached skill level 6 in Unarmed Combat
  2066 | D:6      | Reached XP level 7. HP: 68/68 MP: 6/6
  2292 | D:5      | Entered Level 5 of the Dungeon
  2308 | D:5      | Reached skill level 4 in Dodging
  2393 | D:5      | Reached skill level 4 in Fighting
  2772 | D:5      | Found a glowing golden altar of the Shining One.
  2862 | D:5      | Noticed a steam dragon
  2862 | D:5      | Noticed a steam dragon
  2880 | D:5      | Gained mutation: You are partially covered in molten
                  | scales. (AC +2) [potion of mutation]
  2880 | D:5      | Gained mutation: Your mind is acute. (Int +2) [potion of
                  | mutation]
  2880 | D:5      | Gained mutation: You have supernaturally acute eyesight.
                  | (SInv) [potion of mutation]
  2881 | D:5      | Killed a steam dragon
  2883 | D:5      | HP: 1/71 [steam dragon/ball of steam (14)]
  2884 | D:5      | Slain by a steam dragon

Vanquished Creatures
  A steam dragon (D:5)
  A sky beast (D:5)
  A centaur (D:6)
  A scorpion (D:6)
  5 wights (D:6)
  A crimson imp (D:5)
  A jelly (D:5)
  2 orc priests (D:6)
  An orc wizard (D:6)
  A hound skeleton (D:5)
  4 adders
  A shadow imp (D:6)
  A white imp (D:5)
  2 ufetubi
  2 oozes (D:2)
  A worm (D:3)
  2 dart slugs
  2 leopard geckos (D:6)
  2 orcs
  A ball python (D:2)
  8 bats
  2 giant cockroaches
  8 goblins
  8 hobgoblins
  8 kobolds
  A quokka (D:6)
  4 frilled lizards
  2 goblin skeletons (D:5)
  A goblin zombie (D:5)
  2 hobgoblin zombies (D:5)
  A kobold skeleton (D:5)
  2 kobold zombies (D:5)
  A leopard gecko zombie (D:5)
  An orc skeleton (D:5)
  An orc zombie (D:5)
  4 rats
87 creatures vanquished.

Vanquished Creatures (others)
  3 fungi
  A plant (D:3)
4 creatures vanquished.

Grand Total: 91 creatures vanquished

Table legend: (Time is in decaauts)
 A = Elapsed time spent in this place.
 B = Non-inter-level travel time spent in this place.
 C = Inter-level travel time spent in this place.
 D = Time resting spent in this place.
 E = Time spent auto-exploring this place.
 F = Levels seen in this place.
 G = Mean time per level.
                   A        B        C        D        E       F      G
               +--------+--------+--------+--------+--------+-----+--------+
         Total |   2871 |   2812 |     59 |    118 |   2169 |   6 |  478.5 |
       Dungeon |   2748 |   2694 |     54 |    118 |   2053 |   5 |  549.6 |
        Temple |    122 |    117 |      5 |      0 |    115 |   1 |  122.0 |
               +--------+--------+--------+--------+--------+-----+--------+

Top non-repeatable levels by time:
     D:6: 905 daAuts
     D:5: 589 daAuts
     D:2: 516 daAuts
     D:1: 508 daAuts
     D:3: 228 daAuts
  Temple: 122 daAuts

Table legend:
 A = Non-vault XP
 B = Vault XP
 C = Vault XP percentage of total XP
 D = Non-vault monster count
 E = Vault monster count
 F = Vault count percentage of total count
                 A         B        C        D         E       F
            +---------+---------+-------+---------+---------+-------
      Total |     980 |     249 |  20.3 |      70 |      17 |  19.5
            +---------+---------+-------+---------+---------+-------
        D:1 |      36 |       0 |   0.0 |      19 |       0 |   0.0
        D:2 |      78 |       0 |   0.0 |      21 |       0 |   0.0
        D:3 |       9 |      12 |  57.1 |       6 |       5 |  45.5
        D:5 |     225 |     237 |  51.3 |       8 |      12 |  60.0
        D:6 |     632 |       0 |   0.0 |      16 |       0 |   0.0
            +---------+---------+-------+---------+---------+-------
